 Dungeon Crawl Stone Soup version 0.32-a0-868-g153ae1a8d6 (webtiles) character file.

Game seed: 1261950739656004933

1920989 cforsyth the Planerender (level 27, 206/206 HPs)
             Began as a Deep Elf Summoner on Mar 28, 2024.
             Was the Champion of Sif Muna.
             Escaped with the Orb
             ... and 4 runes on Mar 29, 2024!
             The game lasted 04:47:56 (104081 turns).

cforsyth the Planerender (Deep Elf Summoner)      Turns: 104081, Time: 04:47:57

Health: 206/206    AC: 15    Str: 10    XL:     27
Magic:  48/56      EV: 26    Int: 44    God:    Sif Muna [******]
Gold:   5477       SH:  8    Dex: 15    Spells: 26/80 levels left

rFire   + + +        B - +6 morningstar of Furikuis {flame, rElec rF+ Str+4}
rCold   + . .        y - +0 buckler {reflect}
rNeg    + + +        o - +0 robe of Pleasant Breezes {+Blink Int+4 Slay+3 Archmagi}
rPois   .            c - +1 helmet of Tulips {rF- rN+ Will+++ rCorr}
rElec   +            V - +4 dragonskin cloak {Aegis}
rCorr   +            R - +2 pair of gloves {Stlth+}
SInv    +            S - +1 pair of boots of Itanasyi {rN+ Regen+ Str+3 Int+5}
Will    +++++        E - amulet of magic regeneration
Stlth   ++           t - ring "Yppiotent" {rF+ rC+ rN+ Str-2 Stlth+}
HPRegen 1.34/turn    p - ring "Qippouck" {^Drain rF++ Will++ SInv}
MPRegen 0.75/turn

%: reflection, clarity, archmagi
@: calling dragons, studying 3 skills
A: clarity, robust 1, wild magic 1
0: Orb of Zot
}: 4/15 runes: serpentine, barnacled, slimy, silver
a: Renounce Religion, Evoke Blink, Channel Magic, Forget Spell, Divine Exegesis


You escaped.
You worshipped Sif Muna.
Sif Muna was exalted by your worship.
You visited 11 branches of the dungeon, and saw 53 of its levels.
You also visited: Gauntlet, Ice Cave, Volcano, Wizlab and Desolation.

You collected 8404 gold pieces.
You spent 2927 gold pieces at shops.


Innate Abilities, Weirdness & Mutations

You possess an exceptional clarity of mind.
You are robust. (+10% HP)
Your spells are a little harder to cast, but a little more powerful.


   Skills:
 + Level 23.3 Fighting
 + Level 5.8 Armour
 O Level 27 Dodging
 - Level 2.4 Stealth
 + Level 15.0 Shields
 O Level 27 Spellcasting
 O Level 27 Summonings
 - Level 4.0 Translocations
 - Level 4.0 Fire Magic
 - Level 4.0 Air Magic
 + Level 7.3 Invocations
 + Level 7.4 Evocations


You had 26 spell levels left.
You knew the following spells:

 Your Spells              Type           Power      Damage    Failure   Level
c - Call Imp              Summ           100%       N/A       1%          2
d - Dragon's Call         Summ           91%        N/A       1%          9
f - Call Canine Familiar  Summ           100%       N/A       1%          3
h - Summon Hydra          Summ           91%        N/A       1%          7
l - Summon Lightning Spi  Summ/Air       100%       N/A       1%          4
s - Summon Horrible Thin  Summ           91%        N/A       1%          8
t - Summon Forest         Summ/Tloc      77%        N/A       1%          5
v - Summon Mana Viper     Hex/Summ       100%       N/A       1%          5
z - Summon Small Mammal   Summ           100%       N/A       1%          1
X - Summon Blazeheart Go  Fire/Summ      100%       N/A       1%          4
Y - Summon Cactus Giant   Summ           91%        N/A       1%          6

Your spell library contained the following spells:

 Spells                   Type           Power      Damage    Failure   Level
 Apportation              Tloc           100%       N/A       1%          1
 Foxfire                  Conj/Fire      100%       2x1d9     1%          1
 Freeze                   Ice            100%       1d10      1%          1
 Kiss of Death            Conj/Necr      100%       2d13      1%          1
 Magic Dart               Conj           100%       1d8       1%          1
 Necrotise                Necr           100%       1d9       1%          1
 Sandblast                Erth           100%       2d20      1%          1
 Shock                    Conj/Air       100%       1d9       1%          1
 Slow                     Hex            100%       N/A       1%          1
 Sting                    Conj/Alch      100%       1d9       1%          1
 Blink                    Tloc           100%       N/A       1%          2
 Cigotuvi's Dreadful Rot  Necr/Alch/Air  100%       N/A       1%          2
 Ensorcelled Hibernation  Hex/Ice        100%       N/A       1%          2
 Jinxbite                 Hex            100%       N/A       1%          2
 Lesser Beckoning         Tloc           100%       N/A       1%          2
 Mercury Vapours          Alch/Air       100%       N/A       1%          2
 Momentum Strike          Conj/Tloc      100%       3d10      1%          2
 Scorch                   Fire           100%       2d9       1%          2
 Searing Ray              Conj           100%       2d8       1%          2
 Static Discharge         Conj/Air       100%       3-8/arc   1%          2
 Sublimation of Blood     Necr           86%        N/A       1%          2
 Confusing Touch          Hex            86%        N/A       1%          3
 Dazzling Flash           Conj/Hex       100%       N/A       1%          3
 Frozen Ramparts          Ice            100%       1d16      1%          3
 Fugue of the Fallen      Necr           86%        N/A       1%          3
 Hailstorm                Conj/Ice       86%        3d14      1%          3
 Inner Flame              Hex/Fire       100%       N/A       1%          3
 Mephitic Cloud           Conj/Alch/Air  95%        N/A       1%          3
 Ozocubu's Armour         Ice            86%        N/A       1%          3
 Passwall                 Erth           86%        N/A       1%          3
 Sigil of Binding         Hex            86%        N/A       1%          3
 Stone Arrow              Conj/Erth      100%       3d13      1%          3
 Summon Ice Beast         Ice/Summ       100%       N/A       1%          3
 Swiftness                Air            100%       N/A       1%          3
 Teleport Other           Tloc           100%       N/A       1%          3
 Tukima's Dance           Hex            86%        N/A       1%          3
 Vampiric Draining        Necr           86%        2d12      1%          3
 Volatile Blastmotes      Fire/Tloc      100%       2d18      1%          3
 Airstrike                Air            55%        2d(8-24)  1%          4
 Animate Armour           Summ/Erth      100%       N/A       1%          4
 Martyr's Knell           Necr/Summ      100%       N/A       1%          4
 Maxwell's Portable Pile  Tloc           100%       2d(20-40) 1%          4
 Passage of Golubria      Tloc           100%       N/A       1%          4
 Vhi's Electric Charge    Tloc/Air       100%       N/A       1%          4
 Haunt                    Necr/Summ      74%        N/A       1%          7
 Malign Gateway           Summ/Tloc      77%        N/A       1%          7
 Monstrous Menagerie      Summ           91%        N/A       1%          7
 Spellforged Servitor     Conj/Summ      74%        N/A       1%          7
 Dimensional Bullseye     Hex/Tloc       50%        N/A       2%          4
 Flame Wave               Conj/Fire      100%       2d21      2%          4
 Ignite Poison            Fire/Alch      100%       N/A       2%          4
 Iskenderun's Mystic Bla  Conj/Tloc      100%       2d19      (+2d12%     4
 Sticky Flame             Fire/Alch      100%       2d15      2%          4
 Anguish                  Hex/Necr       43%        N/A       4%          4
 Animate Dead             Necr           86%        N/A       4%          4
 Brom's Barrelling Bould  Conj/Erth      86%        2d10      4%          4
 Cause Fear               Hex            43%        N/A       4%          4
 Dispel Undead            Necr           86%        3d28      4%          4
 Fulminant Prism          Conj/Alch      43%        3d19      4%          4
 Leda's Liquefaction      Alch/Erth      43%        N/A       4%          4
 Olgreb's Toxic Radiance  Alch           86%        N/A       4%          4
 Petrify                  Alch/Erth      86%        N/A       4%          4
 Arcjolt                  Conj/Air       50%        1d60      5%          5
 Fireball                 Conj/Fire      50%        3d20      5%          5
 Silence                  Hex/Air        50%        N/A       5%          5
 Freezing Cloud           Conj/Ice/Air   47%        6-21      8%          5
 Alistair's Intoxication  Alch           57%        N/A       12%         5
 Borgnjor's Vile Clutch   Necr/Erth      43%        N/A       12%         5
 Curse of Agony           Necr           86%        N/A       12%         5
 Irradiate                Conj/Alch      43%        3d26      12%         5
 Iskenderun's Battlesphe  Conj           86%        2d13      12%         5
 Lee's Rapid Deconstruct  Erth           43%        3d21*     12%         5
 Metabolic Englaciation   Hex/Ice        43%        N/A       12%         5
 Yara's Violent Unravell  Hex/Alch       43%        3d17      12%         5
 Dispersal                Tloc           55%        N/A       13%         6
 Gell's Gavotte           Tloc           55%        2d(36-54) 13%         6
 Plasma Beam              Fire/Air       55%        2x1d71    13%         6
 Conjure Ball Lightning   Conj/Air       50%        3x3d17    26%         6
 Starburst                Conj/Fire      50%        6d14      26%         6
 Bombard                  Conj/Erth      43%        9d7       47%         6
 Death Channel            Necr           43%        N/A       47%         6
 Eringya's Noxious Bog    Alch           43%        4d6       47%         6
 Permafrost Eruption      Ice/Erth       43%        2x4d12    47%         6
 Sculpt Simulacrum        Ice/Alch       43%        N/A       47%         6
 Manifold Assault         Tloc           55%        N/A       50%         7
 Enfeeble                 Hex            43%        N/A       96%         7
 Orb of Destruction       Conj           43%        9d12      96%         7
 Ozocubu's Refrigeration  Ice            43%        4d17      96%         7
 Disjunction              Tloc           55%        N/A       99%         8
 Ignition                 Fire           55%        3d15      99%         8
 Maxwell's Capacitive Co  Air            55%        ∞         99%         8
 Borgnjor's Revivificati  Necr           43%        N/A       100%        8
 Discord                  Hex            43%        N/A       100%        8
 Infestation              Necr           43%        N/A       100%        8
 Lehudib's Crystal Spear  Conj/Erth      43%        10d10     100%        8
 Chain Lightning          Conj/Air       50%        3d66      100%        9
 Death's Door             Necr           43%        N/A       100%        9
 Fire Storm               Conj/Fire      50%        8d13      100%        9
 Polar Vortex             Ice            43%        12d5*     100%        9
 Shatter                  Erth           43%        3d33*     100%        9

Inventory:

Hand Weapons
 B - the +6 morningstar of Furikuis (weapon) {flame, rElec rF+ Str+4}
   (You took it off a deep elf death mage on level 3 of the Elven Halls)

   Str+4:     It affects your strength (+4).
   rF+:       It protects you from fire.
   rElec:     It insulates you from electricity.
 L - the +2 quarterstaff "Newtslayer" {spect, rPois rF+ SInv}
   (You found it in the Desolation of Salt)

   rF+:       It protects you from fire.
   rPois:     It protects you from poison.
   SInv:      It lets you see invisible.
Armour
 c - the +1 helmet of Tulips (worn) {rF- rN+ Will+++ rCorr}
   (You found it on level 3 of the Elven Halls)

   rF-:       It makes you vulnerable to fire.
   rN+:       It protects you from negative energy.
   Will+++:   It greatly increases your willpower.
   rCorr:     It protects you from acid and corrosion.
 o - the +0 robe of Pleasant Breezes (worn) {+Blink Int+4 Slay+3 Archmagi}
   (You found it on level 11 of the Dungeon)

   Int+4:     It affects your intelligence (+4).
   Slay+3:    It affects your accuracy & damage with ranged weapons and melee
   (+3).
   +Blink:    It lets you blink.
   Archmagi:  It increases the power of your magical spells.
 y - a +0 buckler of reflection (worn)
 R - a +2 pair of gloves of stealth (worn)
 S - the +1 pair of boots of Itanasyi (worn) {rN+ Regen+ Str+3 Int+5}
   (You found it in an ice cave)

   Str+3:     It affects your strength (+3).
   Int+5:     It affects your intelligence (+5).
   rN+:       It protects you from negative energy.
   Regen+:    It increases your rate of health regeneration.
 V - the +4 dragonskin cloak (worn) {Aegis}
   (You took it off Tiamat on level 4 of the Realm of Zot)

   Avatar's Aegis: It grants the wearer a chance to resist fire, cold, poison,
   electricity, acid, and negative energy.
Jewellery
 i - the ring of Kyepnoru {rElec rF+ EV+5 Str+3 Int-4}
   (You took it off a deep elf sorcerer on level 3 of the Elven Halls)

   [ring of evasion]

   EV+5:      It affects your evasion (+5).
   Str+3:     It affects your strength (+3).
   Int-4:     It affects your intelligence (-4).
   rF+:       It protects you from fire.
   rElec:     It insulates you from electricity.
 p - the ring "Qippouck" (right hand) {^Drain rF++ Will++ SInv}
   (You found it in the Desolation of Salt)

   [ring of see invisible]

   rF++:      It greatly protects you from fire.
   Will++:    It greatly increases your willpower.
   SInv:      It lets you see invisible.
   ^Drain:    It drains your maximum health when unequipped.
 t - the ring "Yppiotent" (left hand) {rF+ rC+ rN+ Str-2 Stlth+}
   (You found it in the Desolation of Salt)

   [ring of protection from cold]

   Str-2:     It affects your strength (-2).
   rF+:       It protects you from fire.
   rC+:       It protects you from cold.
   rN+:       It protects you from negative energy.
   Stlth+:    It makes you more stealthy.
 C - the ring "Ycisch" {*Corrode rC+ Will+ AC+4 Dex+9}
   (You bought it in a shop on level 3 of the Vaults)

   [ring of protection]

   AC+4:      It affects your AC (+4).
   Dex+9:     It affects your dexterity (+9).
   rC+:       It protects you from cold.
   Will+:     It increases your willpower.
   *Corrode:  It may corrode you when you take damage.
 E - an amulet of magic regeneration (around neck)
 I - a +6 ring of intelligence
 N - the ring of Wuumoedgh {rPois rF+ rN+ Str-3 Int+3}
   (You took it off a deep elf death mage on level 5 of the Vaults)

   [ring of positive energy]

   Str-3:     It affects your strength (-3).
   Int+3:     It affects your intelligence (+3).
   rF+:       It protects you from fire.
   rPois:     It protects you from poison.
   rN+:       It protects you from negative energy.
 P - a ring of poison resistance
 T - the ring of Pegh {Fly AC+4 Str-3 Dex+3 SInv}
   (You took it off an ironbound convoker on level 3 of the Vaults)

   [ring of protection]

   AC+4:      It affects your AC (+4).
   Str-3:     It affects your strength (-3).
   Dex+3:     It affects your dexterity (+3).
   SInv:      It lets you see invisible.
   Fly:       It grants you flight.
 Z - the amulet "Higil" {Spirit rElec rN+ Will- Int+3}
   (You found it in a Gauntlet)

   [amulet of guardian spirit]

   Spirit:    It causes incoming damage to be divided between your reserves of
   health and magic.
   Int+3:     It affects your intelligence (+3).
   rElec:     It insulates you from electricity.
   rN+:       It protects you from negative energy.
   Will-:     It decreases your willpower.
Wands
 a - a wand of mindburst (22)
 n - a wand of quicksilver (33)
 w - a wand of flame (91)
 z - a wand of digging (15)
 F - a wand of warping (46)
 J - a wand of charming (42)
Scrolls
 f - 6 scrolls of immolation
 m - 10 scrolls of vulnerability
 q - 10 scrolls of blinking
 v - 15 scrolls of fog
 D - 29 scrolls of teleportation {@r2}
 G - 6 scrolls of silence {!r}
 M - a scroll of revelation
 Q - 9 scrolls of fear
 Y - 11 scrolls of poison
Potions
 b - 5 potions of magic
 d - 12 potions of curing {@q1}
 e - 6 potions of haste {@q3}
 g - a potion of invisibility
 h - 8 potions of cancellation
 k - 7 potions of heal wounds {@q2}
 l - 5 potions of might
 r - 9 potions of lignification
 u - 8 potions of brilliance
 x - 8 potions of enlightenment
 A - 8 potions of attraction
 H - 22 potions of mutation
 O - 5 potions of ambrosia
 U - a potion of resistance
Miscellaneous
 j - a phantom mirror
 s - a phial of floods
 K - a lightning rod (4/4)
 W - a condenser vane

Dungeon Overview and Level Annotations

Branches:
Dungeon (15/15)            Temple (1/1) D:7            Lair (5/5) D:8
 Shoals (4/4) Lair:3        Snake (4/4) Lair:3        Slime (5/5) Lair:4
    Orc (2/2) D:10            Elf (3/3) Orc:2        Vaults (5/5) D:14
  Crypt (0/3) Vaults:2     Depths (4/4) D:15            Zot (5/5) Depths:4
  IceCv (visited)         Volcano (visited)          WizLab (visited)
Desolation (visited)      Gauntlet (visited)

Altars:
Ashenzari
Cheibriados
Dithmenos
Elyvilon
Fedhas
Gozag
Hepliaklqana
Kikubaaqudgha
Makhleb
Nemelex Xobeh
Okawaru
Qazlal
Ru
Sif Muna
Trog
Uskayaw
Vehumet
Wu Jian
Xom
Yredelemnul
Zin
The Shining One
Beogh
Jiyva

Shops:
D:11 **   Orc:2 [*=?   Elf:1 (*[   Shoals:2 [   Shoals:3 **   Snake:1 *((
Snake:2 ?   Vaults:2 ?   Vaults:3 *   Vaults:5 =   Depths:1 [   Depths:3 [
Depths:4 [

Portals:
Hell: Depths:1 Depths:2 Depths:3 Depths:4
Abyss: Depths:3 Depths:4
Pandemonium: Orc:2 Depths:2
Ziggurat: Depths:1

Annotations:
Depths:4 1 runed translucent door

#........##
#######
##.......#
#......##
#..D...#
##.....#
#....##
##D..#
#DD## #@##
###


You could see 2 friendly golden dragons, a friendly ice dragon (summoned) and a
friendly quicksilver dragon (summoned).


Message History

Your quicksilver dragon breathes dispelling energy at the Orb Guardian.
The bolt of dispelling energy hits the Orb Guardian!!
The hell beast bites your golden dragon.
The hell beast tramples your golden dragon but does no damage.
Your ice dragon misses the Orb Guardian.
Your ice dragon barely misses the Orb Guardian.
Your ice dragon tramples the Orb Guardian!
The Orb Guardian holds its ground!
The Orb Guardian dies!
Sif Muna accepts your kill.
The hell beast bites your golden dragon but does no damage.
The hell beast tramples your golden dragon.
Your golden dragon bites the hell beast!!
Your golden dragon claws the hell beast but does no damage.
Your golden dragon tramples the hell beast!
The hell beast holds its ground!
The hell beast bites your golden dragon but does no damage.
The hell beast tramples your golden dragon.
Your golden dragon is shoved backwards!
Your golden dragon breathes fire at the hell beast.
The bolt of fire hits the hell beast!!
The hell beast completely misses your golden dragon.
The hell beast tramples your golden dragon but does no damage.
Your golden dragon bites the hell beast!!
The hell beast dies!
Sif Muna accepts your kill.
Unknown command.
Unknown command.
There is a staircase leading out of the dungeon here.
You have escaped!

Skill      XL: |  1  2  3  4  5  6  7  8  9 10 11 12 13 14 15 16 17 18 19 20 21 22 23 24 25 26 27 |
---------------+----------------------------------------------------------------------------------+-----
Spellcasting   | 4 5 6 7 9 10 12 14 17 18 19 21 23 25 27 | 27.0
Summonings     | 5 6 7 8 9 11 12 14 16 17 19 21 25 27 | 27.0
Fire Magic     | 3 4 |  4.0
Air Magic      | 3 4 |  4.0
Translocations | 2 4 |  4.0
Fighting       | 1 5 8 10 12 14 15 16 18 20 21 23 | 23.3
Armour         | 1 5 |  5.8
Dodging        | 8 12 15 17 19 21 22 24 25 27 | 27.0
Shields        | 4 7 9 11 12 14 15 | 15.0
Invocations    | 7 |  7.3
Evocations     | 7 |  7.4
Stealth        | |  2.4

Action                     |  1- 3 |  4- 6 |  7- 9 | 10-12 | 13-15 | 16-18 | 19-21 | 22-24 | 25-27 || total
---------------------------+-------+-------+-------+-------+-------+-------+-------+-------+-------++-------
  Melee: Unarmed           |    10 |    15 |     2 |    16 |     6 |       |       |       |       ||    49
         Punch             |       |       |     1 |       |       |       |       |       |       ||     1
         Dagger            |       |       |       |       |       |     2 |       |       |       ||     2
         Morningstar       |       |       |       |       |       |       |       |     4 |     4 ||     8
   Fire: Sling             |       |       |       |       |    12 |     3 |    11 |    18 |       ||    44
   Cast: Summon Small Mamm |    39 |    11 |     6 |     9 |     2 |     1 |     2 |       |     1 ||    71
         Call Imp          |    25 |    20 |    37 |    16 |     6 |     3 |     2 |       |       ||   109
         Call Canine Famil |     9 |    14 |    30 |    18 |    13 |     2 |     3 |     1 |       ||    90
         Summon Lightning  |       |       |    22 |    20 |     1 |       |       |       |       ||    43
         Summon Blazeheart |       |       |     1 |     6 |       |     2 |       |     1 |       ||    10
         Summon Forest     |       |       |       |    33 |    85 |    81 |    91 |    42 |    29 ||   361
         Summon Cactus Gia |       |       |       |    37 |   100 |   113 |    25 |    32 |    25 ||   332
         Summon Mana Viper |       |       |       |    19 |    78 |    36 |    26 |     2 |     3 ||   164
         Summon Hydra      |       |       |       |       |    22 |   134 |   216 |    56 |    71 ||   499
         Dragon's Call     |       |       |       |       |       |       |    15 |    91 |   108 ||   214
  Evoke: Wand              |       |       |       |     1 |     4 |     2 |       |     3 |     6 ||    16
    Use: Scroll            |       |       |       |    24 |     8 |     4 |     4 |     3 |    12 ||    55
         Potion            |       |       |       |       |     1 |     7 |     3 |       |    10 ||    21
   Stab: Distracted        |     1 |       |       |       |       |       |       |     1 |       ||     2
 Armour: Robe              |    30 |    15 |    25 |    73 |    62 |   137 |   159 |   175 |   232 ||   908
         Troll leather arm |       |       |       |     8 |       |       |       |       |       ||     8
         Ring mail         |       |       |       |    17 |       |       |       |       |       ||    17
  Dodge: Dodged            |    27 |    18 |    19 |    46 |   136 |   176 |   252 |   217 |   247 ||  1138
  Block: Other             |     1 |     8 |     6 |    13 |    37 |    12 |       |       |       ||    77
         Reflection        |       |     1 |     3 |     3 |     2 |    21 |    71 |    18 |     3 ||   122
         Buckler           |       |       |       |       |       |    76 |   132 |   105 |    80 ||   393

Levels and vault maps discovered:
D:1:      eino_arrival_cavern_a, layout_loops_ring, chequers_avenue
D:2:      layout_basic, basic_altar, chequers_mini_garden,
          nicolae_concentric_dashed_squares_wild, minmay_between
D:3:      layout_basic, overflow_temple_1_default,
          beargit_hepliaklqana_dungeon_heroes, lemuel_tele_altar
D:4:      layout_cave_pools, elyvilon_altar_1, dancing_weapons_uskayaw,
          minmay_manual_macuahuitl, uniq_edmund
D:5:      layout_basic, grunt_dithmenos_smoke_and_mirrors, dk_rats_in_the_wall
D:6:      layout_cave_pools
D:7:      layout_basic, mainiacjoe_overflow_24_doors,
          minmay_temple_entry_sparse_star
D:8:      layout_loops_corners, lair_entry_dummy, gammafunk_ghost_grave,
          hangedman_decor_points, minivault_25
D:9:      layout_cave_pods
D:10:     layout_irregular_city, erik_orc_3
D:11:     layout_loops_ring, serial_shops, nicolae_shop_behind_doors,
          minivault_16, kennysheep_windowed_goal
D:12:     layout_roguey
D:13:     layout_stronghold
D:14:     layout_big_octagon, david_vaults_1, gauntlet_entry_generic,
          uniq_nessos
D:15:     grunt_enter_depths_magical_seal, layout_long_grid, minmay_hedge_maze,
          kennysheep_kite_vault
Temple:   nicolae_temple_superstar
Lair:1:   dreamdust_isle_of_ice, layout_regular_city,
          lightli_volcano_entry_magma_tube, uniq_grum
Lair:2:   layout_long_grid, infiniplex_staircase_pool, grunt_megastairs_3
Lair:3:   layout_gridlike, elwin_shoals_entry_stream, alex1729_snake_entry_snake
Lair:4:   layout_regular_city, nicolae_slime_entry_slimehenge, serial_bayou,
          serial_bayou_crossing, serial_bayou_shore_a, serial_bayou_pond_d,
          serial_bayou_pond_e, uniq_kirke, uniq_josephine
Lair:5:   grunt_lair_end_beastmaster, layout_cave_shapes, worms_lemuel,
          lemuel_fruit_tree
Shoals:1: layout_shoals, st_sunken_temple
Shoals:2: layout_shoals, serial_shops, shop, nicolae_shoals_pincushion_passage,
          uniq_ilsuiw, uniq_polyphemus
Shoals:3: layout_shoals, nicolae_specific_store
Shoals:4: shoals_end_grunt_garden, layout_shoals, lemuel_centaur_altar
Snake:1:  layout_gridlike, grunt_megastairs_1, minmay_shop_star
Snake:2:  layout_grid_shapes, serial_shops, shop, basic_altar,
          nicolae_snake_salamander_jacuzzi, serial_bayou_shore_b
Snake:3:  layout_onion_interference, portal_ice_cave_entry_frozen_things
Snake:4:  grunt_snake_rune_spirals, layout_onion_interference, abandoned_shop
Slime:1:  layout_caves
Slime:2:  layout_caves
Slime:3:  layout_caves
Slime:4:  layout_caves, special_room [special_room_jelly]
Slime:5:  slime_pit_nicolae_amoeboid
Orc:1:    layout_caves, basic_altar, einodemon_barbed_minivault, uniq_maurice
Orc:2:    pf_orc_diabolical, layout_diamond_mine, gammafunk_ghost_arena,
          mines1_david
Elf:1:    minmay_elf_arrival_summoners, layout_geoelf_diagonals, serial_shops,
          shop_fountains, kennysheep_underground_church,
          nicolae_elf_big_sculpture_1, bh_hangedman_babel_library,
          minmay_shoptagon
Elf:2:    elven_hall_of_blades_hangedman_alternative [nicolae_blade_tridents],
          layout_geoelf_octagon, portal_desolation_entry_nicolae_nacl
Elf:3:    elf_hall_gauntlet_narrow, layout_gridlike, palyth_stone_intersect,
          minmay_elf_necromancy
Vaults:1: advil_vaults_ghost_lines, vaults_room_octagon, ontoclasm_vaults_chip,
          hangedman_vaults_corner, nicolae_vaults_little_squares_6,
          nicolae_vaults_circle_grid_a, nicolae_vaults_trapezoid_layered,
          vaults_dpeg_emergency_exit, layout_vaults_omnigrid
Vaults:2: nicolae_vaults_cornered_office, minmay_crypt_entry_simple_statues,
          ontoclasm_vaults_tryst, vaults_room_stairs_pillars,
          nicolae_vaults_variable_pillar_hall, vaults_room_octagon, v_misc_15,
          nicolae_vaults_offset_grid_hallway_3, v_misc_24,
          nicolae_vaults_little_squares_2, vaults_standard_mumra_x,
          nicolae_vaults_windows_and_doors_thing, layout_vaults_maze,
          serial_shops, nicolae_shop_waterfront, uniq_margery
Vaults:3: v_misc_9, vaults_room_mumra_shop_pool,
          nicolae_vaults_storage_closets_3, v_misc_17,
          vaults_standard_mumra_lines, v_misc_4,
          nicolae_vaults_shrinking_rooms_2, v_misc_33, serial_ice_g,
          grunt_vaults_hallway_short, vaults_dpeg_cross, layout_vaults_omnibox
Vaults:4: infiniplex_enter_wizlab_water, nicolae_vaults_cochlea,
          vaults_mumra_chevron, nicolae_vaults_security_offices_3, v_pattern_4,
          hangedman_vaults_river_flow, nicolae_vaults_tangram_2,
          ontoclasm_vaults_misaligned, vaults_room_fancy_cross,
          ontoclasm_vaults_ring_small, v_misc_29, v_misc_13,
          nicolae_vaults_cochlea, nicolae_vaults_surprise_closet,
          nicolae_vaults_double_plus_1, layout_vaults_omnicross
Vaults:5
Depths:1: layout_gridlike, enter_ziggurat_f, serial_sigils_hangedman_snap,
          serial_shops, nicolae_shop_scrapyard, pf_vacation_house_of_asmodeus,
          okawaru_ov_weapons_minmay
Depths:2: minmay_firetagon, layout_cave_pools, pf_coc_iceberg,
          rand_demon_pan_entry_1, fedhas_altar_fruit_tree, dk_noncrumbling_3,
          kennysheep_pointless_box
Depths:3: cheibrodos_witchhunters_guild, layout_long_grid,
          nicolae_elevator_lobby_asterisk, abyss_entry, grunt_metal_band,
          serial_shops, nicolae_shop_back_alley_shop, uniq_enchantress
Depths:4: evilmike_zot_entry_castle, layout_basic, serial_shops,
          nicolae_shop_gibbet_a_chance, nicolae_concentric_dashed_squares_mild,
          minmay_room_of_horrors, hell_entry, nicolae_qazlal_eye_of_the_storm,
          serial_bayou_shore_b
Zot:1:    layout_misc_corridors, grunt_megastairs_2
Zot:2:    layout_basic
Zot:3:    layout_twisted_circle, lemuel_elevator
Zot:4:    ebering_greatest_show_in_zot, layout_misc_corridors,
          regret_index_zotdec_gossamer_parallel, nicolae_lava_and_water,
          uniq_tiamat
Zot:5:    layout_basic

Notes
Turn   | Place    | Note
-------+----------+-------------------------------------------
     0 | D:1      | cforsyth the Deep Elf Summoner began the quest for the Orb.
     0 | D:1      | Reached XP level 1. HP: 10/10 MP: 6/6
   182 | D:1      | Reached XP level 2. HP: 13/15 MP: 4/8
   309 | D:1      | Learned a level 2 spell: Call Imp
   662 | D:1      | Reached skill level 4 in Spellcasting
   840 | D:1      | Reached skill level 5 in Summonings
   840 | D:1      | Reached XP level 3. HP: 19/19 MP: 6/10
  1246 | D:1      | Learned a level 3 spell: Call Canine Familiar
  1811 | D:2      | Found a white marble altar of Elyvilon.
  2379 | D:3      | Found a sacrificial altar of Ru.
  2504 | D:3      | Reached XP level 4. HP: 24/24 MP: 8/12
  2722 | D:3      | Found a radiant altar of Vehumet.
  2727 | D:3      | Reached skill level 5 in Spellcasting
  2990 | D:3      | Found a hazy altar of Hepliaklqana.
  2992 | D:3      | Found a faded altar of an unknown god.
  3110 | D:3      | Reached XP level 5. HP: 28/28 MP: 10/14
  3461 | D:4      | Noticed a +0 dagger
  3461 | D:4      | Noticed a +0 dagger
  3464 | D:4      | Noticed a sky beast
  3473 | D:4      | Killed a sky beast
  3474 | D:4      | Reached skill level 6 in Spellcasting
  3474 | D:4      | Reached skill level 6 in Summonings
  3474 | D:4      | Found a hide-covered altar of Uskayaw.
  3492 | D:4      | Reached XP level 6. HP: 12/32 MP: 15/17
  3668 | D:4      | Reached skill level 7 in Spellcasting
  3951 | D:4      | Reached skill level 7 in Summonings
  3952 | D:4      | Noticed Edmund
  3984 | D:4      | Killed Edmund
  3985 | D:4      | Reached XP level 7. HP: 24/36 MP: 12/20
  4096 | D:4      | Found a white marble altar of Elyvilon.
  4438 | D:5      | Entered Level 5 of the Dungeon
  4472 | D:5      | Reached skill level 8 in Spellcasting
  4667 | D:5      | Reached skill level 8 in Summonings
  4756 | D:5      | Reached skill level 9 in Spellcasting
  4887 | D:5      | Found a shadowy altar of Dithmenos.
  4928 | D:5      | Reached XP level 8. HP: 18/41 MP: 17/23
  4936 | D:5      | Reached skill level 1 in Fire Magic
  4936 | D:5      | Reached skill level 1 in Air Magic
  5062 | D:5      | Learned a level 4 spell: Summon Blazeheart Golem
  5067 | D:5      | Learned a level 4 spell: Summon Lightning Spire
  5517 | D:6      | Reached skill level 2 in Fire Magic
  5517 | D:6      | Reached skill level 2 in Air Magic
  5796 | D:6      | Reached skill level 9 in Summonings
  5917 | D:6      | Reached skill level 3 in Fire Magic
  5917 | D:6      | Reached skill level 3 in Air Magic
  6200 | D:7      | Reached skill level 10 in Spellcasting
  6392 | D:7      | Found a broken altar of Ashenzari.
  6509 | D:7      | Reached XP level 9. HP: 15/45 MP: 16/25
  6694 | D:7      | Reached skill level 4 in Air Magic
  6818 | D:7      | Reached skill level 4 in Fire Magic
  6858 | D:7      | Reached skill level 10 in Summonings
  6910 | D:7      | Found a staircase to the Ecumenical Temple.
  7098 | D:7      | Reached skill level 11 in Spellcasting
  7420 | Temple   | Entered the Ecumenical Temple
  7446 | Temple   | Became a worshipper of Sif Muna the Loreminder
  7525 | D:8      | Found a runed translucent door.
  7526 | D:8      | Noticed DeathSocks's ghost (novice MiHs)
  7657 | D:8      | Found a staircase to the Lair.
  8769 | D:9      | Reached * piety under Sif Muna
  8770 | D:9      | Reached skill level 12 in Spellcasting
  8771 | D:9      | Reached skill level 11 in Summonings
  9291 | D:9      | Noticed a troll
  9295 | D:9      | Killed a troll
  9296 | D:9      | Reached XP level 10. HP: 50/50 MP: 20/28
  9496 | D:10     | Entered Level 10 of the Dungeon
  9703 | D:10     | Reached skill level 13 in Spellcasting
  9933 | D:10     | Reached ** piety under Sif Muna
  9934 | D:10     | Reached skill level 12 in Summonings
 10008 | D:10     | Found a staircase to the Orcish Mines.
 10008 | D:10     | Noticed a cyclops
 10028 | D:10     | Killed a cyclops
 10029 | D:10     | Reached skill level 14 in Spellcasting
 10356 | D:10     | Learned a level 6 spell: Summon Cactus Giant
 10362 | D:10     | Learned a level 5 spell: Summon Forest
 10621 | D:10     | HP: 4/50 [acid dragon/splash of acid (21)]
 11095 | D:11     | Reached skill level 1 in Translocations
 11101 | D:11     | Reached skill level 1 in Fighting
 11101 | D:11     | Reached skill level 1 in Armour
 11159 | D:11     | Identified the +0 robe of Pleasant Breezes {+Blink Int+4
                  | Slay+3 Archmagi}
 11266 | D:11     | Found Vyurokli's Assorted Antiques.
 11266 | D:11     | Noticed a gargoyle
 11271 | D:11     | Reached skill level 2 in Translocations
 11271 | D:11     | Reached XP level 11. HP: 56/56 MP: 16/31
 11273 | D:11     | Reached skill level 3 in Dodging
 11373 | D:11     | Noticed a two-headed ogre
 11380 | D:11     | Killed a two-headed ogre
 11381 | D:11     | Reached skill level 2 in Fighting
 11596 | D:10     | Reached skill level 3 in Translocations
 11621 | D:10     | Reached skill level 4 in Dodging
 11627 | D:10     | Learned a level 5 spell: Summon Mana Viper
 11932 | D:11     | Noticed a purple ugly thing
 11938 | D:11     | Killed a purple ugly thing
 11939 | D:11     | Reached skill level 3 in Fighting
 12003 | D:11     | Reached skill level 5 in Dodging
 12003 | D:11     | Reached skill level 4 in Translocations
 12094 | D:11     | Found Ostojai's Assorted Antiques.
 12102 | D:11     | Bought a scroll labelled BIPUENT PEOK for 22 gold pieces
 12102 | D:11     | Bought a shiny ring mail for 154 gold pieces
 12102 | D:11     | Bought a murky purple potion for 19 gold pieces
 12102 | D:11     | Bought a scroll labelled BIPUENT PEOK for 22 gold pieces
 12180 | D:11     | Reached *** piety under Sif Muna
 12578 | D:11     | Bought a scroll labelled BIPUENT PEOK for 27 gold pieces
 12578 | D:11     | Bought a scroll labelled WEOMUS HUYJ for 27 gold pieces
 12578 | D:11     | Bought a scroll labelled WIKHLU NOJASSUNI for 27 gold
                  | pieces
 12578 | D:11     | Bought a bubbling white potion for 24 gold pieces
 12578 | D:11     | Bought a scroll labelled BIPUENT PEOK for 27 gold pieces
 12664 | D:11     | Reached skill level 6 in Dodging
 12812 | D:12     | Noticed a two-headed ogre
 12818 | D:12     | Killed a two-headed ogre
 12819 | D:12     | Reached skill level 4 in Fighting
 12917 | D:12     | Reached skill level 7 in Dodging
 13114 | D:12     | Reached skill level 5 in Fighting
 13245 | D:12     | Reached skill level 8 in Dodging
 13347 | D:12     | Noticed a red ugly thing
 13356 | D:12     | Killed a red ugly thing
 13394 | D:12     | Reached XP level 12. HP: 69/69 MP: 21/32
 13788 | Lair:1   | Entered Level 1 of the Lair of Beasts
 13837 | Lair:1   | Reached skill level 6 in Fighting
 13838 | Lair:1   | Reached skill level 9 in Dodging
 13872 | Lair:1   | Found a dark tunnel.
 13950 | Volcano  | Entered a volcano
 14169 | Volcano  | Reached skill level 10 in Dodging
 14170 | Volcano  | Reached skill level 7 in Fighting
 14248 | Volcano  | Found a burning altar of Makhleb.
 14270 | Volcano  | Noticed a red draconian
 14278 | Volcano  | Killed a red draconian
 14496 | Lair:1   | Reached **** piety under Sif Muna
 14499 | Lair:1   | Reached skill level 11 in Dodging
 14551 | Lair:1   | Noticed Grum
 14556 | Lair:1   | Killed Grum
 14859 | Lair:1   | Reached skill level 8 in Fighting
 14986 | Lair:1   | Noticed a death yak
 14987 | Lair:1   | Noticed a death yak
 14990 | Lair:1   | Killed a death yak
 14994 | Lair:1   | Killed a death yak
 15071 | Lair:1   | Reached skill level 12 in Dodging
 15190 | Lair:1   | Identified the +1 pair of gloves of the Elven Halls {*Slow
                  | rF+++ rN+ Int-2}
 15820 | Lair:2   | Reached XP level 13. HP: 74/79 MP: 17/33
 16054 | Lair:2   | Reached skill level 9 in Fighting
 16405 | Lair:2   | Reached skill level 13 in Dodging
 17294 | Lair:3   | Reached ***** piety under Sif Muna
 17545 | Lair:3   | Reached skill level 14 in Dodging
 17599 | Lair:3   | Found a staircase to the Snake Pit.
 17613 | Lair:3   | Reached skill level 10 in Fighting
 18000 | Lair:3   | Found a staircase to the Shoals.
 18354 | Lair:4   | Noticed Josephine
 18358 | Lair:4   | Killed Josephine
 18624 | Lair:4   | Noticed Kirke
 18634 | Lair:4   | Killed Kirke
 18763 | Lair:4   | Reached skill level 15 in Dodging
 18765 | Lair:4   | Found a staircase to the Slime Pits.
 18765 | Lair:4   | Found a viscous altar of Jiyva.
 18954 | Lair:4   | Received a gift from Sif Muna
 18955 | Lair:4   | Reached XP level 14. HP: 88/88 MP: 19/34
 19015 | Lair:4   | Got Sif Muna's Almanac of the Adder and Terra Firma {god
                  | gift}
 19487 | Lair:4   | Reached skill level 11 in Fighting
 19855 | Lair:5   | Entered Level 5 of the Lair of Beasts
 20831 | Lair:5   | Reached skill level 16 in Dodging
 21025 | Lair:5   | Reached skill level 12 in Fighting
 21347 | Lair:5   | Received a gift from Sif Muna
 21348 | Lair:5   | Reached skill level 17 in Dodging
 22257 | Orc:1    | Entered Level 1 of the Orcish Mines
 22794 | Orc:1    | Noticed Maurice
 22813 | Orc:1    | Killed Maurice
 22978 | Orc:1    | Received a gift from Sif Muna
 22979 | Orc:1    | Reached XP level 15. HP: 97/97 MP: 32/35
 23062 | Orc:1    | Identified the +8 sling "Hitader" {freeze, rPois rF+ Dex+3}
 23239 | Orc:1    | Found a roughly hewn altar of Beogh.
 23321 | Orc:2    | Entered Level 2 of the Orcish Mines
 23321 | Orc:2    | Noticed Shayle's ghost (journeyman CoAl)
 23321 | Orc:2    | Found a transporter.
 23321 | Orc:2    | Found a transporter.
 23346 | Orc:2    | Found a roughly hewn altar of Beogh.
 24167 | Orc:2    | Found Fyah's General Store.
 24386 | Orc:2    | Reached skill level 18 in Dodging
 24562 | Orc:2    | Found Kafoiz's Magic Scroll Emporium.
 24579 | Orc:2    | Reached skill level 13 in Fighting
 24703 | Orc:2    | Bought a scroll of butterflies for 52 gold pieces
 24703 | Orc:2    | Bought a scroll of acquirement for 676 gold pieces
 25569 | Orc:2    | Received a gift from Sif Muna
 25570 | Orc:2    | Got Sif Muna's Incunabulum of the Traveller and Invitation
                  | {god gift}
 25579 | Orc:2    | Learned a level 7 spell: Summon Hydra
 25591 | Orc:2    | Reached skill level 13 in Summonings
 26206 | Orc:2    | Found a staircase to the Elven Halls.
 26290 | Orc:2    | Found Guagai Muint's Jewellery Boutique.
 26290 | Orc:2    | Found Hut Esi's Antique Armour Shop.
 26291 | Orc:2    | Found a one-way gate leading to the halls of Pandemonium.
 26373 | Orc:2    | Found Kafoiz's Magic Scroll Emporium.
 26376 | Orc:2    | Found Fyah's General Store.
 26512 | Orc:2    | Found a transporter.
 26514 | Orc:2    | Found a transporter.
 26538 | Orc:2    | Found a roughly hewn altar of Beogh.
 26802 | Orc:2    | Found a staircase to the Elven Halls.
 27016 | D:8      | Killed DeathSocks's ghost
 27346 | Orc:2    | Killed Shayle's ghost
 27502 | Orc:2    | Identified a potion of resistance
 29003 | D:14     | Reached skill level 19 in Dodging
 29008 | D:14     | Received a gift from Sif Muna
 29009 | D:14     | Got Sif Muna's Incunabulum of the Congregated Summer {god
                  | gift}
 29010 | D:14     | Found a gate to the Vaults.
 29021 | D:14     | Found a gate leading to a gauntlet.
 29030 | Gauntlet | Entered a Gauntlet
 29030 | Gauntlet | Found a transporter.
 29131 | Gauntlet | Found a transporter.
 29134 | Gauntlet | Found a transporter.
 29135 | Gauntlet | Found a transporter.
 29143 | Gauntlet | Found a transporter.
 29146 | Gauntlet | Found a transporter.
 29147 | Gauntlet | Found a transporter.
 29155 | Gauntlet | Found a transporter.
 29158 | Gauntlet | Found a transporter.
 29159 | Gauntlet | Found a transporter.
 29167 | Gauntlet | Found a transporter.
 29170 | Gauntlet | Found a transporter.
 29171 | Gauntlet | Found a transporter.
 29179 | Gauntlet | Found a transporter.
 29848 | Gauntlet | Identified a potion of experience
 29962 | Gauntlet | Identified the amulet "Higil" {Spirit rElec rN+ Will-
                  | Int+3}
 29969 | Gauntlet | Reached skill level 14 in Fighting
 29969 | Gauntlet | Reached skill level 14 in Summonings
 29969 | Gauntlet | Reached XP level 16. HP: 106/106 MP: 36/36
 32153 | D:14     | Reached XP level 17. HP: 112/112 MP: 16/37
 32372 | D:14     | Noticed Nessos
 32378 | D:14     | Killed Nessos
 32995 | D:15     | Entered Level 15 of the Dungeon
 34379 | D:15     | Reached skill level 20 in Dodging
 34530 | D:15     | Reached skill level 15 in Summonings
 34677 | D:15     | Found a staircase to the Depths.
 35300 | D:15     | Reached skill level 1 in Shields
 35931 | Snake:1  | Entered Level 1 of the Snake Pit
 36107 | Snake:1  | Received a gift from Sif Muna
 36122 | Snake:1  | Got Sif Muna's Catalogue of Smouldering Battling {god gift}
 36261 | Snake:1  | Identified the orb "Atualawke" {mayhem, rC+ Str-5 Dex+2}
 36627 | Snake:1  | Reached skill level 2 in Shields
 37234 | Snake:1  | Found Yreghuz's Antique Weapon Boutique.
 37234 | Snake:1  | Found Akuixe's Weapon Shop.
 37238 | Snake:1  | Found Tuodah's General Store.
 37342 | Snake:1  | Bought an ancient dagger for 161 gold pieces
 37342 | Snake:1  | Identified the +2 dagger of Defence {flame, *Slow rElec
                  | rC++ Str+2} (You bought it in a shop on level 1 of the
                  | Snake Pit)
 38089 | Snake:2  | Found a burning altar of Makhleb.
 38417 | Snake:2  | Learned a level 8 spell: Summon Horrible Things
 38679 | Snake:2  | Found Het Sach's Magic Scroll Emporium.
 38687 | Snake:2  | Bought a scroll of blinking for 150 gold pieces
 38687 | Snake:2  | Bought 2 scrolls of teleportation for 120 gold pieces
 38694 | Snake:2  | Reached skill level 15 in Fighting
 38694 | Snake:2  | Reached skill level 3 in Shields
 40150 | Snake:3  | Found a glacial archway.
 40170 | IceCv    | Entered an ice cave
 40274 | IceCv    | Reached skill level 4 in Shields
 40315 | IceCv    | Reached skill level 16 in Summonings
 40827 | IceCv    | Identified the +1 pair of boots of Itanasyi {rN+ Regen+
                  | Str+3 Int+5}
 40928 | IceCv    | Received a gift from Sif Muna
 40929 | IceCv    | Got Sif Muna's Opusculum on the Sepulchral Map {god gift}
 40940 | IceCv    | Reached skill level 21 in Dodging
 41171 | IceCv    | Noticed an Ice Fiend
 41172 | IceCv    | Reached XP level 18. HP: 116/119 MP: 25/38
 41219 | IceCv    | Noticed an Ice Fiend
 41228 | IceCv    | Killed an Ice Fiend
 41242 | IceCv    | HP: 11/119 [??? (6)]
 41248 | IceCv    | Killed an Ice Fiend
 41534 | IceCv    | Identified the +11 long sword "Cayretu" {heavy, rF- Int+7}
 41540 | IceCv    | Identified the +5 ice dragon scales of Naohyho {+Inv rF-
                  | rC++ Str+2 Int-5}
 42157 | Snake:3  | Reached skill level 5 in Shields
 42828 | Snake:4  | Entered Level 4 of the Snake Pit
 43877 | Snake:4  | Reached skill level 6 in Shields
 44107 | Snake:4  | Got a serpentine rune of Zot
 44537 | Snake:4  | Received a gift from Sif Muna
 44581 | Snake:4  | Got Sif Muna's Precepts of Rallied Hypothermia {god gift}
 44749 | Snake:4  | Reached skill level 17 in Summonings
 45781 | Snake:4  | Reached skill level 16 in Fighting
 46276 | Shoals:1 | Entered Level 1 of the Shoals
 47348 | Shoals:1 | Acquired 669 gold pieces
 47578 | Shoals:1 | Reached skill level 7 in Shields
 47982 | Shoals:1 | Reached XP level 19. HP: 125/125 MP: 20/39
 48251 | Shoals:1 | Reached skill level 15 in Spellcasting
 49680 | Shoals:2 | Noticed Ilsuiw
 49706 | Shoals:2 | Noticed Polyphemus
 49714 | Shoals:2 | HP: 10/125 [death yak[Polyphemus] (16)]
 50102 | Shoals:2 | Killed Polyphemus
 50102 | Shoals:2 | Received a gift from Sif Muna
 50103 | Shoals:2 | Reached skill level 8 in Shields
 50106 | Shoals:2 | Got Sif Muna's Elucidation of the Grisly Flock {god gift}
 50454 | Orc:2    | Bought a ring of flight for 280 gold pieces
 51023 | Shoals:2 | Reached skill level 18 in Summonings
 51166 | Shoals:2 | Found Afeor's Armour Boutique.
 51449 | Shoals:2 | Reached skill level 16 in Spellcasting
 51890 | Shoals:2 | Killed Ilsuiw
 54267 | Shoals:3 | Identified the +8 flail of Fedhas's Envy {spect, rF+}
 55069 | Shoals:3 | Reached skill level 9 in Shields
 55729 | Shoals:3 | Found Poeziec's General Store.
 55883 | Shoals:3 | Found Loeteakh's Specific Store.
 56033 | Shoals:4 | Entered Level 4 of the Shoals
 56264 | Shoals:4 | Received a gift from Sif Muna
 56267 | Shoals:4 | Reached skill level 17 in Spellcasting
 56267 | Shoals:4 | Got Sif Muna's Guide on the Undead {god gift}
 56884 | Shoals:4 | Identified the +4 trident of Cheibriados's Grace {freeze,
                  | Int+3 Stlth+}
 57406 | Shoals:4 | Reached skill level 19 in Summonings
 57922 | Shoals:4 | Found a shimmering altar of Xom.
 58053 | Shoals:4 | Reached XP level 20. HP: 131/131 MP: 28/43
 58134 | Shoals:4 | Got a barnacled rune of Zot
 59095 | Shoals:4 | Identified the +0 leather armour of Joceeg {*Slow rElec
                  | rF+}
 59823 | Shoals:4 | Identified the +1 flail of Contradiction {vamp, rCorr
                  | Int+4}
 59925 | Shoals:4 | Identified the +1 plate armour of Virtue {SInv}
 59932 | Shoals:4 | Reached skill level 10 in Shields
 60981 | Vaults:1 | Entered Level 1 of the Vaults
 61799 | Vaults:1 | Reached skill level 18 in Spellcasting
 62019 | Vaults:1 | Learned a level 9 spell: Dragon's Call
 62289 | Vaults:1 | Found a large runed translucent door.
 62290 | Vaults:1 | Found a large runed translucent door.
 62290 | Vaults:1 | Noticed Qimyqihi's ghost (adept VSFi)
 62291 | Vaults:1 | Found a large runed translucent door.
 62292 | Vaults:1 | Found a large runed translucent door.
 62292 | Vaults:1 | Found a large runed translucent door.
 62292 | Vaults:1 | Found a large runed translucent door.
 62292 | Vaults:1 | Found a large runed translucent door.
 62292 | Vaults:1 | Found a large runed translucent door.
 63417 | Vaults:1 | Killed Qimyqihi's ghost
 63523 | Vaults:1 | Reached skill level 11 in Shields
 63523 | Vaults:1 | Reached XP level 21. HP: 136/136 MP: 45/45
 63724 | Vaults:2 | Found a staircase to the Crypt.
 63724 | Vaults:2 | Noticed a curse skull
 63734 | Vaults:2 | Reached skill level 20 in Summonings
 63736 | Vaults:2 | Killed a curse skull
 63981 | Vaults:2 | Received a gift from Sif Muna
 64059 | Vaults:2 | Noticed Margery
 64074 | Vaults:2 | Reached skill level 12 in Shields
 64082 | Vaults:2 | Killed Margery
 64284 | Vaults:2 | Found Heirr's Magic Scroll Shoppe.
 64298 | Vaults:2 | Bought a scroll of blinking for 105 gold pieces
 64298 | Vaults:2 | Bought a scroll of fear for 56 gold pieces
 64298 | Vaults:2 | Bought a scroll of teleportation for 42 gold pieces
 64967 | Vaults:3 | Identified the ring of Pegh {Fly AC+4 Str-3 Dex+3 SInv}
 64980 | Vaults:3 | Reached skill level 21 in Summonings
 65611 | Vaults:3 | Received a gift from Sif Muna
 65616 | Vaults:3 | Got Sif Muna's Directory of the Gang and Cohobation {god
                  | gift}
 65953 | Vaults:3 | Reached XP level 22. HP: 130/142 MP: 29/46
 65996 | Vaults:3 | Found Fofu Aja's Assorted Antiques.
 66015 | Vaults:3 | Bought a heavily runed copper ring for 105 gold pieces
 66015 | Vaults:3 | Identified the ring "Ycisch" {*Corrode rC+ Will+ AC+4
                  | Dex+9} (You bought it in a shop on level 3 of the Vaults)
 66117 | Vaults:3 | Reached skill level 22 in Summonings
 66278 | Vaults:4 | Found a magical portal.
 66298 | WizLab   | Entered Cigotuvi's Fleshworks
 66342 | WizLab   | Gained mutation: You sometimes lose your temper in combat.
                  | [mutagenic glow]
 66557 | WizLab   | Received a gift from Sif Muna
 66592 | WizLab   | Reached skill level 23 in Summonings
 66672 | WizLab   | Found the +4 Cigotuvi's embrace {Corpsefed rMiasma ^Drain
                  | rN+}
 66859 | WizLab   | Got Cigotuvi's Catalogue of Lifeless Iosis
 66885 | WizLab   | Identified the serpent talisman of Gixkatib {Dex+3 Stlth+}
 67759 | Vaults:4 | Reached skill level 24 in Summonings
 68142 | Vaults:4 | Received a gift from Sif Muna
 68172 | Vaults:4 | Got Sif Muna's Catalogue of Poisonous Direction {god gift}
 68919 | Elf:1    | Entered Level 1 of the Elven Halls
 69370 | Elf:1    | Reached skill level 25 in Summonings
 69652 | Elf:1    | Found Gaturr's Antique Armour Boutique.
 69652 | Elf:1    | Found Geidew Sei's Assorted Antiques.
 69666 | Elf:1    | Bought a pitted leather armour for 217 gold pieces
 69666 | Elf:1    | Identified the +3 leather armour "Copepso" {rF++ Str+4}
                  | (You bought it in a shop on level 1 of the Elven Halls)
 69885 | Elf:1    | Got Ts'ui Pên's Secrets of Forking Paths
 70115 | Elf:1    | Found Ycu Verph's Weapon Shoppe.
 70301 | Elf:2    | Received a gift from Sif Muna
 70313 | Elf:2    | Got Voby Gio's Thoughts on the Map and Curses {god gift}
 70329 | Elf:2    | Found a crumbling gateway.
 70341 | Desolati | Entered the Desolation of Salt
 70362 | Desolati | Reached XP level 23. HP: 147/147 MP: 30/47
 70473 | Desolati | Identified the +9 broad axe "Vinath" {venom, +Blink Dex+5}
 70514 | Desolati | Got the Catalogue of Star-crossed Austromancy
 70515 | Desolati | Identified the +4 plate armour "Dasiydgho" {rPois rCorr}
 70517 | Desolati | Identified the +2 quarterstaff "Newtslayer" {spect, rPois
                  | rF+ SInv}
 70688 | Desolati | Reached skill level 26 in Summonings
 70847 | Desolati | Identified the ring "Qippouck" {^Drain rF++ Will++ SInv}
 70894 | Desolati | Received a gift from Sif Muna
 70895 | Desolati | Got Sif Muna's Excursus on Destiny and the Snowflakes {god
                  | gift}
 70921 | Desolati | Identified the ring "Yppiotent" {rF+ rC+ rN+ Str-2 Stlth+}
 70928 | Desolati | Identified the scarf of Wolyikk {harm, rElec Slay+3 SInv}
 71826 | Elf:2    | Found a huge runed translucent gate.
 71826 | Elf:2    | Found a huge runed translucent gate.
 71828 | Elf:2    | Found a huge runed translucent gate.
 71828 | Elf:2    | Found a huge runed translucent gate.
 71829 | Elf:2    | Found a huge runed translucent gate.
 72139 | Elf:2    | Reached ****** piety under Sif Muna
 72542 | Elf:2    | Reached skill level 27 in Summonings
 72712 | Elf:3    | Entered Level 3 of the Elven Halls
 72724 | Elf:3    | Reached skill level 22 in Dodging
 73335 | Elf:3    | Received a gift from Sif Muna
 73336 | Elf:3    | Got Sif Muna's Compilation of Windswept Doom {god gift}
 73756 | Elf:3    | Identified the +6 morningstar of Furikuis {flame, rElec rF+
                  | Str+4}
 74091 | Elf:3    | Identified the +9 triple sword "Mosonuth" {holy, rN+}
 74155 | Elf:3    | Identified the +4 quarterstaff "Puabiuw" {venom, rPois rF+
                  | rC+ Int-4}
 74244 | Elf:3    | Identified the ring of Kyepnoru {rElec rF+ EV+5 Str+3
                  | Int-4}
 74379 | Elf:3    | Identified the +1 helmet of Tulips {rF- rN+ Will+++ rCorr}
 74411 | Elf:3    | Identified the +3 shortbow of Qovias {speed, rElec rF+
                  | Will+++ Dex-4}
 74647 | Elf:3    | Identified the +0 spear "Testudinebane" {flame, Dex+3}
 75257 | Depths:1 | Entered Level 1 of the Depths
 75284 | Depths:1 | Found Netrolerph's Armour Boutique.
 75392 | Depths:1 | Found an iron altar of Okawaru.
 75521 | Depths:1 | Found a gateway to Hell.
 75860 | Depths:1 | Found a one-way gateway to a ziggurat.
 76189 | Depths:2 | Reached skill level 19 in Spellcasting
 76371 | Depths:2 | Received a gift from Sif Muna
 76374 | Depths:2 | Got Sif Muna's Thaumaturgy, Part Seven {god gift}
 76383 | Depths:2 | Reached XP level 24. HP: 127/154 MP: 13/48
 76622 | Depths:2 | Reached skill level 17 in Fighting
 77118 | Depths:2 | Found a blossoming altar of Fedhas.
 77316 | Depths:3 | Reached skill level 13 in Shields
 77343 | Depths:3 | Reached skill level 23 in Dodging
 77349 | Depths:3 | Identified a +2 buckler of resistance
 77349 | Depths:3 | Noticed the Enchantress
 77432 | Depths:3 | Found a one-way gate to the infinite horrors of the Abyss.
 77861 | Depths:3 | Found Woafrah's Armour Emporium.
 77875 | Depths:3 | Received a gift from Sif Muna
 77878 | Depths:3 | Got Sif Muna's Handbook of Kindling and Charms {god gift}
 77987 | Depths:3 | Killed the Enchantress
 78612 | Depths:3 | Reached skill level 20 in Spellcasting
 78733 | Depths:3 | Found a runed translucent door.
 78825 | Depths:3 | Found a runed translucent door.
 78825 | Depths:3 | Noticed a dread lich
 78837 | Depths:3 | Killed a dread lich
 79215 | Depths:4 | Entered Level 4 of the Depths
 79565 | Depths:4 | Reached skill level 18 in Fighting
 80055 | Depths:4 | Received a gift from Sif Muna
 80258 | Depths:4 | Found Enyng's Antique Armour Emporium.
 80268 | Depths:4 | Bought a runed helmet for 307 gold pieces
 80268 | Depths:4 | Bought an embroidered cloak for 307 gold pieces
 80572 | Depths:4 | Noticed a caustic shrike
 80573 | Depths:4 | Noticed a caustic shrike
 80573 | Depths:4 | Noticed a caustic shrike
 80935 | Depths:4 | Reached skill level 14 in Shields
 81072 | Depths:4 | Reached skill level 21 in Spellcasting
 81146 | Depths:4 | Reached skill level 24 in Dodging
 81146 | Depths:4 | Reached XP level 25. HP: 164/164 MP: 34/50
 81402 | Depths:4 | Found a runed translucent door.
 81402 | Depths:4 | Found a runed translucent door.
 81402 | Depths:4 | Found a runed translucent door.
 81473 | Depths:4 | Found a runed translucent door.
 81561 | Depths:4 | Found a runed translucent door.
 81561 | Depths:4 | Found a runed translucent door.
 81833 | Depths:4 | Reached skill level 19 in Fighting
 82364 | Depths:4 | Found a stormy altar of Qazlal.
 82435 | Depths:4 | Found a gate to the Realm of Zot.
 82797 | Slime:1  | Entered Level 1 of the Pits of Slime
 82814 | Slime:1  | Received a gift from Sif Muna
 82817 | Slime:1  | Got Sif Muna's Catalogue of the Undead Cumulonimbus {god
                  | gift}
 84281 | Slime:4  | Received a gift from Sif Muna
 84290 | Slime:4  | Reached skill level 22 in Spellcasting
 85066 | Slime:5  | Entered Level 5 of the Pits of Slime
 85407 | Slime:5  | Reached skill level 25 in Dodging
 85417 | Slime:5  | Noticed the Royal Jelly
 86158 | Slime:5  | Received a gift from Sif Muna
 86957 | Slime:5  | Reached skill level 20 in Fighting
 87556 | Slime:5  | Killed the Royal Jelly
 87860 | Slime:5  | Identified the +6 chain mail of the Orcish Mines {Harm rC++
                  | Dex-5 Stlth-}
 87888 | Slime:5  | Identified the ring "Zefi Kus" {^Drain rC- rN++ rCorr MP+9
                  | Slay+4}
 87993 | Slime:5  | Got a slimy rune of Zot
 88433 | Slime:5  | Lost mutation: You sometimes lose your temper in combat.
                  | [potion of mutation]
 88433 | Slime:5  | Gained mutation: Your muscles are strong. (Str +4, Int/Dex
                  | -1) [potion of mutation]
 88433 | Slime:5  | Gained mutation: Your muscles are very strong. (Str +8,
                  | Int/Dex -2) [potion of mutation]
 88434 | Slime:5  | Lost mutation: Your muscles are very strong. (Str +8,
                  | Int/Dex -2) [potion of mutation]
 88434 | Slime:5  | Lost mutation: Your muscles are strong. (Str +4, Int/Dex
                  | -1) [potion of mutation]
 88434 | Slime:5  | Gained mutation: You are robust. (+10% HP) [potion of
                  | mutation]
 88434 | Slime:5  | Gained mutation: You have hidden genetic potential. [potion
                  | of mutation]
 88884 | Vaults:5 | Entered Level 5 of the Vaults
 89171 | Vaults:4 | Reached skill level 23 in Spellcasting
 90288 | Vaults:5 | Received a gift from Sif Muna
 90299 | Vaults:5 | Reached XP level 26. HP: 78/191 MP: 35/52
 90592 | Vaults:5 | Reached skill level 26 in Dodging
 90786 | Vaults:5 | Identified the +9 fire dragon scales "Izxad" {rF++ rC-
                  | Regen+ Dex+3}
 90928 | Vaults:5 | Identified the amulet of Surprise {Acrobat rPois Regen+
                  | Str-2 Dex-4}
 90942 | Vaults:5 | Received a gift from Sif Muna
 91424 | Vaults:5 | Reached skill level 24 in Spellcasting
 91719 | Vaults:5 | Identified the ring of Wuumoedgh {rPois rF+ rN+ Str-3
                  | Int+3}
 92367 | Vaults:5 | Found Ucvu Bojaiph's Jewellery Shoppe.
 92377 | Vaults:5 | Got a silver rune of Zot
 92566 | Vaults:5 | Identified the +5 great mace of Inconvenience {speed, rN+
                  | Int+7}
 92888 | Zot:1    | Entered Level 1 of the Realm of Zot
 94055 | Zot:1    | Reached skill level 21 in Fighting
 94197 | Zot:1    | Received a gift from Sif Muna
 94214 | Zot:1    | Got Sif Muna's Quarto of the Saturnine Salvo {god gift}
 94661 | Zot:2    | Noticed an electric golem
 94884 | Zot:2    | Killed an electric golem
 94895 | Zot:2    | Gained mutation: You possess an exceptional clarity of
                  | mind. [hidden potential]
 94926 | Zot:2    | Reached skill level 25 in Spellcasting
 95239 | Zot:2    | Noticed a curse toe
 95242 | Zot:2    | Identified the +1 morningstar of Hobbecac {freeze, rF-
                  | Will++ Int+4 Dex-3 Stlth+}
 95244 | Zot:2    | Reached skill level 27 in Dodging
 95245 | Zot:2    | Killed a curse toe
 95427 | Zot:2    | Noticed an electric golem
 95629 | Zot:2    | Reached XP level 27. HP: 201/201 MP: 40/54
 95636 | Zot:2    | Killed an electric golem
 96808 | Zot:2    | Reached skill level 26 in Spellcasting
 96948 | Zot:3    | Received a gift from Sif Muna
 96949 | Zot:3    | Got Sif Muna's Essays on Calorific Companions {god gift}
 97538 | Zot:3    | Reached skill level 22 in Fighting
 98666 | Zot:4    | Reached skill level 27 in Spellcasting
 98753 | Zot:4    | Found the +4 dragonskin cloak {Aegis}
 98753 | Zot:4    | Noticed Tiamat
 98768 | Zot:4    | Killed Tiamat
 99051 | Zot:4    | Reached skill level 1 in Invocations
 99051 | Zot:4    | Reached skill level 1 in Evocations
 99316 | Zot:4    | Gained mutation: Your spells are a little harder to cast,
                  | but a little more powerful. [hidden potential]
 99316 | Zot:4    | Lost mutation: You have hidden genetic potential. [hidden
                  | potential expressed]
 99356 | Zot:4    | Noticed an orb of fire
100546 | Zot:4    | Killed an orb of fire
100547 | Zot:4    | Reached skill level 2 in Armour
100547 | Zot:4    | Reached skill level 2 in Invocations
100547 | Zot:4    | Reached skill level 2 in Evocations
100612 | Zot:5    | Entered Level 5 of the Realm of Zot
100653 | Zot:5    | Reached skill level 3 in Evocations
100760 | Zot:5    | Noticed a dread lich
100765 | Zot:5    | Reached skill level 3 in Invocations
100766 | Zot:5    | Killed a dread lich
100767 | Zot:5    | Reached skill level 3 in Armour
100769 | Zot:5    | Noticed an ancient lich
100771 | Zot:5    | Noticed an orb of fire
100774 | Zot:5    | Noticed a dread lich
100774 | Zot:5    | Noticed a dread lich
100780 | Zot:5    | Reached skill level 4 in Invocations
100780 | Zot:5    | Reached skill level 4 in Evocations
100780 | Zot:5    | Killed an ancient lich
100781 | Zot:5    | Reached skill level 23 in Fighting
100782 | Zot:5    | Noticed an ancient lich
100784 | Zot:5    | Noticed an ancient lich
100785 | Zot:5    | Noticed an orb of fire
100786 | Zot:5    | Killed an ancient lich
100786 | Zot:5    | Noticed an ancient lich
100787 | Zot:5    | Killed an orb of fire
100793 | Zot:4    | Killed a dread lich
100794 | Zot:4    | Reached skill level 4 in Armour
100794 | Zot:4    | Reached skill level 5 in Evocations
100795 | Zot:4    | Killed an ancient lich
100796 | Zot:4    | Reached skill level 5 in Invocations
100980 | Zot:5    | Killed an orb of fire
100982 | Zot:5    | Killed a dread lich
100990 | Zot:5    | Killed an ancient lich
100991 | Zot:5    | Noticed an ancient lich
100993 | Zot:5    | Killed an ancient lich
101399 | Zot:4    | Reached skill level 6 in Evocations
101930 | Zot:5    | Noticed an ancient lich
101939 | Zot:4    | Reached skill level 6 in Invocations
101939 | Zot:4    | Killed an ancient lich
102529 | Zot:5    | Noticed an electric golem
102532 | Zot:5    | Reached skill level 5 in Armour
102534 | Zot:5    | Killed an electric golem
102561 | Zot:5    | Identified the ring "Koehyu" {rPois MP+9 Str+2 Int-2 Dex+3}
102821 | Zot:5    | Noticed an electric golem
102828 | Zot:5    | Reached skill level 7 in Evocations
102830 | Zot:5    | Killed an electric golem
102835 | Zot:5    | Reached skill level 7 in Invocations
103432 | Zot:5    | Got the Orb of Zot
103661 | Depths:2 | Reached skill level 15 in Shields
103674 | Depths:1 | Noticed Uffev the pandemonium lord
104081 | D:$      | Escaped with the Orb!

Vanquished Creatures
  the Royal Jelly (Slime:5)
  An orb of fire (Zot:5)
  An ancient lich (Zot:5)
  An Ice Fiend (IceCv)
  A deep elf master archer (Elf:3)
  An acid blob (Slime:5)
  7 azure jellies (Slime:5)
  An orc warlord (Orc:2)
  3 quicksilver oozes (Slime:5)
  An orc high priest (Orc:2)
  A satyr (Shoals:4)
  An arcanist (Vaults:1)
  A salamander (Lair:3)
  A shining eye (shapeshifter) (WizLab)
  A faun (Shoals:4)
  A manticore (Shoals:2)
  A cyclops (D:15)
  2 yaktaurs (Vaults:4)
  A troll (D:10)
  A water elemental (Shoals:3)
  A naga (Snake:1)
  4 centaurs
  A lava snake (Volcano)
35 creatures vanquished.

Vanquished Creatures (collateral kills)
  4 dread liches
  5 ancient liches
  Tiamat (Zot:4)
  2 orbs of fire
  Margery (Vaults:2)
  10 Killer Klowns
  A curse toe (Zot:2)
  the Enchantress (Depths:3)
  14 golden dragons
  A mutant beast (WizLab)
  3 bone dragons (Depths:4)
  4 electric golems
  18 tentacled monstrosities
  A hellephant (Depths:2)
  An Ice Fiend (IceCv)
  28 Orb Guardians
  A lich (Depths:3)
  8 quicksilver dragons
  2 titans (Vaults:5)
  2 deep elf blademasters (Elf:3)
  A searing wretch (Vaults:2)
  Polyphemus (Shoals:2)
  A deep elf master archer (Elf:3)
  31 acid blobs
  The ghost of Qimyqihi the Inexorable Tide, an adept VSFi of Yredelemnul (Vaults:1)
  An Executioner (Zot:5)
  11 death cobs
  2 krakens
  A sphinx (Vaults:3)
  Kirke (Lair:4)
  10 storm dragons
  A tengu reaver (Vaults:5)
  10 shadow dragons
  15 azure jellies
  Ilsuiw (Shoals:2)
  17 rockslimes
  5 protean progenitors
  8 fire giants
  9 draconian monks
  13 nagarajas
  6 frost giants
  3 ghost moths
  7 draconian knights
  10 draconian scorchers
  5 deep elf elementalists (Elf:3)
  6 deep elf sorcerers
  17 vault wardens
  5 imperial myrmidons (Desolation)
  A ghoul (Vaults:2)
  5 draconian shifters
  A balrug (Depths:2)
  2 iron dragons
  2 orc warlords
  An angel (Depths:3)
  A curse skull (Vaults:2)
  A cacodemon (Depths:3)
  15 ironbound preservers
  10 formless jellyfish
  11 draconian annihilators
  4 draconian stormcallers
  2 broodmothers (Zot:1)
  22 quicksilver oozes
  6 spriggan defenders
  21 very ugly things
  6 ironbound thunderhulks
  10 stone giants
  10 deep elf death magi
  2 vampire knights
  17 green draconians
  13 black draconians
  9 deep elf demonologists
  17 yellow draconians
  Nessos (D:14)
  7 dire elephants
  18 purple draconians
  15 spark wasps
  19 red draconians
  The ghost of Shayle the Cruncher, a journeyman CoAl of Yredelemnul (Orc:2)
  2 war gargoyles
  12 white draconians
  7 deep elf annihilators
  An eidolon (Vaults:2)
  A spark wasp (shapeshifter) (WizLab)
  A minotaur (Gauntlet)
  12 merfolk javelineers
  10 merfolk impalers
  A green death (D:1)
  4 ettins
  2 crystal guardians
  A blizzard demon (Depths:2)
  3 ragged hierophants (Desolation)
  6 fire dragons
  Josephine (Lair:4)
  9 yaktaur captains
  14 great orbs of eyes
  3 rakshasas
  3 entropy weavers
  4 deep elf high priests
  7 servants of whispers (Desolation)
  7 spriggan air magi
  27 vault guards
  2 ogre magi
  3 ice dragons
  3 salamander tyrants
  An alligator (shapeshifter) (WizLab)
  7 hydras
  4 ironbound frosthearts
  A demonspawn (Orc:2)
  6 peacekeepers
  A hell beast (D:1)
  8 merfolk avatars
  2 alligator snapping turtles
  2 anacondas
  8 centaur warriors
  3 catoblepae
  A two-headed ogre (shapeshifter) (WizLab)
  5 radroaches (WizLab)
  A death knight (D:15)
  7 merfolk aquamancers
  4 two-headed ogres
  30 dancing weapons
  A boulder beetle (D:15)
  2 satyrs
  20 death yaks
  9 deep troll shamans
  5 tengu warriors
  17 naga warriors
  21 deep elf knights
  3 occultists
  7 orc high priests (Orc:2)
  8 spriggan berserkers
  8 deep troll earth magi
  4 shock serpents
  A sun demon (Zot:4)
  A fire crab (Lair:5)
  21 naga sharpshooters
  A soul eater (Orc:2)
  19 hell knights
  14 iron trolls
  A storm dragon zombie (Depths:3)
  4 salamander mystics
  8 skeletal warriors (D:14)
  2 sea snakes (shapeshifter) (WizLab)
  4 skysharks
  A sixfirhy (Depths:3)
  9 sea snakes
  6 arcanists
  51 deep trolls
  3 naga ritualists
  A glowing orange brain (shapeshifter) (WizLab)
  6 spriggan simulacra (IceCv)
  13 mana vipers
  An orb spider (shapeshifter) (WizLab)
  A bog body (IceCv)
  A mana viper (shapeshifter) (WizLab)
  2 flayed ghosts (Vaults:5)
  A swamp dragon (shapeshifter) (WizLab)
  2 steelbarb worms (shapeshifter)
  3 deep trolls (shapeshifter) (WizLab)
  8 glowing orange brains
  4 phantasmal warriors
  13 deep elf archers
  12 ironbound convokers
  A lindwurm (shapeshifter) (WizLab)
  An orange crystal statue (IceCv)
  An obsidian statue (IceCv)
  A wolf spider zombie (D:15)
  6 thermic dynamos
  9 lindwurms
  22 orc knights
  30 deep elf zephyrmancers
  A shadow dragon zombie (Depths:3)
  34 harpies
  9 necromancers
  35 ugly things
  3 obsidian bats (Orc:2)
  A wolf spider (Gauntlet)
  3 shining eyes
  The ghost of DeathSocks the Shooter, a novice MiHs of Jiyva (D:8)
  6 orc sorcerers
  21 fauns
  10 cyclopes
  17 manticores
  30 deep elf pyromancers
  A salamander (shapeshifter) (WizLab)
  26 salamanders
  2 moths of wrath (shapeshifter) (WizLab)
  Maurice (Orc:1)
  2 shining eyes (shapeshifter)
  2 kobold blastminers
  2 manticores (shapeshifter)
  2 centaur zombies (D:15)
  An ice statue (D:11)
  22 elephants
  22 moths of wrath
  20 merfolk sirens
  A rust devil (Gauntlet)
  2 water nymphs
  4 molten gargoyles
  3 meliai (D:13)
  A smoke demon (Orc:2)
  31 black mambas
  19 naga magi
  A fire giant skeleton (Depths:3)
  10 guardian serpents
  17 vault sentinels
  A water nymph (shapeshifter) (WizLab)
  4 eyes of devastation
  4 gargoyles
  11 cane toads
  A torpor snail (shapeshifter) (Vaults:5)
  8 kobold demonologists
  4 orange demons
  An efreet (D:15)
  5 rime drakes
  14 large abominations
  4 unseen horrors
  19 yaktaurs
  12 freezing wraiths
  6 komodo dragons
  A tengu conjurer (D:15)
  4 ice devils
  An anaconda simulacrum (IceCv)
  2 merfolk (shapeshifter) (WizLab)
  6 polar bears
  43 merfolk
  A wolf spider simulacrum (D:15)
  A hellwing (Orc:2)
  A queen bee (Gauntlet)
  A queen bee (shapeshifter) (Elf:3)
  13 trolls
  8 wind drakes
  38 saltlings
  6 hornets
  3 tyrant leeches (Zot:1)
  A snapping turtle (shapeshifter) (Vaults:5)
  3 alligator simulacra (IceCv)
  15 dream sheep
  14 blink frogs
  7 snapping turtles
  6 glass eyes
  A jumping spider (Vaults:2)
  A dream sheep (shapeshifter) (WizLab)
  111 slime creatures
  An air elemental (Elf:1)
  49 yaks
  5 spriggans
  5 wraiths
  15 water elementals
  5 wyverns
  A shadow (D:11)
  5 hogs (Lair:4)
  4 fire bats (Volcano)
  2 basilisks
  A neqoxec (D:3)
  2 ynoxinuls
  2 fire elementals (Elf:1)
  2 redbacks
  2 steam dragons (D:7)
  3 minotaur simulacra (IceCv)
  An elf (WizLab)
  10 golden eyes
  A human (WizLab)
  An iron golem (WizLab)
  4 wargs
  Grum (Lair:1)
  2 chaos spawn
  48 nagas
  7 vampire mosquitoes
  A harpy simulacrum (IceCv)
  Edmund (D:4)
  4 swamp worms (Lair:5)
  2 acid dragons
  A hydra simulacrum (IceCv)
  An acid dragon (shapeshifter) (Elf:1)
  15 water moccasins
  4 ice beasts
  44 orc warriors
  2 sky beasts
  2 black bears
  22 wolves
  8 ogres
  7 centaurs
  A phantom (D:4)
  A brain worm (shapeshifter) (Depths:4)
  2 elf zombies (Elf:3)
  6 kobold brigands
  9 bullfrogs
  A glowing shapeshifter simulacrum (Depths:3)
  8 scorpions
  3 earth elementals
  14 small abominations
  A deep troll simulacrum (IceCv)
  An elephant simulacrum (Lair:1)
  11 killer bees
  2 lindwurm simulacra (IceCv)
  5 nameless horrors
  4 lava snakes (Volcano)
  A bombardier beetle (D:6)
  5 hounds
  7 jellies
  27 orc priests
  3 iron imps (Gauntlet)
  A sleepcap (D:6)
  3 iguanas
  17 orc wizards
  4 hell rats (Lair:4)
  A troll simulacrum (Lair:1)
  6 gnolls (D:3)
  3 adders
  2 naga simulacra (Lair:1)
  3 white imps (Lair:1)
  3 ufetubi
  5 dart slugs
  3 ribbon worms
  61 orcs
  4 ball pythons
  12 endoplasms
  5 giant cockroaches
  10 goblins
  8 hobgoblins
  2 jackals (D:3)
  7 quokkas
  4 bats
  4 frilled lizards
  31 kobolds
  9 rats
  3 aspiring fleshes
  7 tentacles
2552 creatures vanquished.

Vanquished Creatures (others)
  A merfolk aquamancer (Shoals:4)
  A manticore (Shoals:1)
  A gargoyle (Gauntlet)
  A saltling (Desolation)
  A water elemental (Shoals:1)
  A naga (Snake:4)
  2 blazeheart cores
  80 snaplasher vines
  9 tentacles
97 creatures vanquished.

Grand Total: 2684 creatures vanquished

Table legend: (Time is in decaauts)
 A = Elapsed time spent in this place.
 B = Non-inter-level travel time spent in this place.
 C = Inter-level travel time spent in this place.
 D = Time resting spent in this place.
 E = Time spent auto-exploring this place.
 F = Levels seen in this place.
 G = Mean time per level.
                   A        B        C        D        E       F      G
               +--------+--------+--------+--------+--------+-----+--------+
         Total | 104352 |  98618 |   5734 |  29907 |  49114 |  58 | 1799.2 |
       Dungeon |  20777 |  19093 |   1684 |   1839 |  14083 |  15 | 1385.1 |
        Temple |     52 |      1 |     51 |      0 |      0 |   1 |   52.0 |
          Lair |   9405 |   8659 |    746 |   1355 |   6015 |   5 | 1881.0 |
        Shoals |  13385 |  13131 |    254 |   6504 |   4480 |   4 | 3346.2 |
     Snake Pit |   8754 |   8504 |    250 |   2144 |   5087 |   4 | 2188.5 |
    Slime Pits |   5825 |   5624 |    201 |   2649 |   1742 |   5 | 1165.0 |
  Orcish Mines |   5452 |   4968 |    484 |   1144 |   2910 |   2 | 2726.0 |
   Elven Halls |   5213 |   4938 |    275 |   1400 |   2401 |   3 | 1737.7 |
        Vaults |  10394 |   9672 |    722 |   2627 |   5000 |   5 | 2078.8 |
        Depths |   7667 |   7232 |    435 |   2815 |   2577 |   4 | 1916.8 |
           Zot |  10692 |  10065 |    627 |   3969 |   3542 |   5 | 2138.4 |
      Ice Cave |   1531 |   1531 |      0 |    875 |    356 |   1 | 1531.0 |
       Volcano |    460 |    460 |      0 |    169 |     98 |   1 |  460.0 |
        Wizlab |   1208 |   1208 |      0 |    403 |    102 |   1 | 1208.0 |
    Desolation |    902 |    902 |      0 |     72 |    392 |   1 |  902.0 |
      Gauntlet |   2628 |   2628 |      0 |   1941 |    327 |   1 | 2628.0 |
               +--------+--------+--------+--------+--------+-----+--------+

Top non-repeatable levels by time:
Shoals:3: 4851 daAuts
   Orc:2: 4337 daAuts
 Snake:4: 3325 daAuts
 Slime:5: 3106 daAuts
Shoals:2: 3090 daAuts
   Zot:4: 2909 daAuts
    D:15: 2847 daAuts
Shoals:1: 2768 daAuts
Vaults:1: 2726 daAuts
  Lair:3: 2695 daAuts
Shoals:4: 2674 daAuts
Depths:4: 2648 daAuts
Gauntlet: 2628 daAuts
Depths:3: 2596 daAuts
Vaults:5: 2558 daAuts

Table legend:
 A = Non-vault XP
 B = Vault XP
 C = Vault XP percentage of total XP
 D = Non-vault monster count
 E = Vault monster count
 F = Vault count percentage of total count
                 A         B        C        D         E       F
            +---------+---------+-------+---------+---------+-------
      Total |  849817 |  757329 |  47.1 |    1532 |     981 |  39.0
            +---------+---------+-------+---------+---------+-------
        D:1 |      46 |       0 |   0.0 |      25 |       0 |   0.0
        D:2 |      37 |       7 |  15.9 |      20 |       5 |  20.0
        D:3 |     142 |       3 |   2.1 |      27 |       1 |   3.6
        D:4 |     262 |     361 |  57.9 |      12 |       8 |  40.0
        D:5 |     820 |       0 |   0.0 |      16 |       0 |   0.0
        D:6 |     749 |       0 |   0.0 |      12 |       0 |   0.0
        D:7 |    1334 |       0 |   0.0 |      11 |       0 |   0.0
        D:8 |     313 |     565 |  64.4 |       7 |       1 |  12.5
        D:9 |    1540 |       0 |   0.0 |      30 |       0 |   0.0
       D:10 |    4492 |    1084 |  19.4 |      23 |      19 |  45.2
       D:11 |    4137 |    1082 |  20.7 |      18 |       3 |  14.3
       D:12 |    5905 |       0 |   0.0 |      24 |       0 |   0.0
       D:13 |    4870 |       0 |   0.0 |      14 |       0 |   0.0
       D:14 |   11313 |    3745 |  24.9 |      16 |       6 |  27.3
       D:15 |    5678 |   15670 |  73.4 |      17 |      26 |  60.5
     Lair:1 |    5583 |    3633 |  39.4 |      20 |      17 |  45.9
     Lair:2 |    5253 |     939 |  15.2 |      23 |       4 |  14.8
     Lair:3 |    8673 |    2472 |  22.2 |      26 |       8 |  23.5
     Lair:4 |   11689 |    4372 |  27.2 |      42 |      19 |  31.1
     Lair:5 |   17360 |   10638 |  38.0 |      41 |      24 |  36.9
   Shoals:1 |   15044 |    6417 |  29.9 |      29 |       9 |  23.7
   Shoals:2 |   24440 |   16630 |  40.5 |      47 |      20 |  29.9
   Shoals:3 |   25005 |       0 |   0.0 |      50 |       0 |   0.0
   Shoals:4 |   26453 |   15674 |  37.2 |      52 |      30 |  36.6
    Snake:1 |   13159 |     853 |   6.1 |      28 |       2 |   6.7
    Snake:2 |   18642 |    2646 |  12.4 |      37 |       5 |  11.9
    Snake:3 |   26769 |     716 |   2.6 |      49 |       2 |   3.9
    Snake:4 |   19349 |   25170 |  56.5 |      40 |      34 |  45.9
    Slime:1 |    8509 |       0 |   0.0 |      19 |       0 |   0.0
    Slime:2 |   12436 |       0 |   0.0 |      24 |       0 |   0.0
    Slime:3 |   14649 |       0 |   0.0 |      32 |       0 |   0.0
    Slime:4 |   15469 |   20307 |  56.8 |      30 |      21 |  41.2
    Slime:5 |   13099 |   26119 |  66.6 |      25 |      20 |  44.4
      Orc:1 |    3687 |    3076 |  45.5 |      30 |       9 |  23.1
      Orc:2 |    3721 |   21857 |  85.5 |      22 |      77 |  77.8
      Elf:1 |   25181 |   10430 |  29.3 |      39 |      17 |  30.4
      Elf:2 |   16529 |   25675 |  60.8 |      26 |      35 |  57.4
      Elf:3 |   20856 |   38987 |  65.1 |      32 |      39 |  54.9
   Vaults:1 |   27019 |    8307 |  23.5 |      41 |      11 |  21.2
   Vaults:2 |    9723 |   17320 |  64.0 |      13 |      20 |  60.6
   Vaults:3 |   20789 |   20296 |  49.4 |      31 |      27 |  46.6
   Vaults:4 |   35568 |   31902 |  47.3 |      52 |      36 |  40.9
   Vaults:5 |   17729 |   64165 |  78.4 |      29 |      57 |  66.3
   Depths:1 |   11004 |       0 |   0.0 |      11 |       0 |   0.0
   Depths:2 |   29262 |    7954 |  21.4 |      38 |       7 |  15.6
   Depths:3 |   34655 |   43316 |  55.6 |      43 |      45 |  51.1
   Depths:4 |   39398 |   42047 |  51.6 |      46 |      47 |  50.5
      Zot:1 |   53723 |    5078 |   8.6 |      44 |       4 |   8.3
      Zot:2 |   74632 |    1284 |   1.7 |      62 |       1 |   1.6
      Zot:3 |   41399 |    2443 |   5.6 |      37 |       2 |   5.1
      Zot:4 |   39736 |   60491 |  60.4 |      31 |      27 |  46.6
      Zot:5 |   21987 |   95110 |  81.2 |      19 |      38 |  66.7
      IceCv |       0 |   15469 | 100.0 |       0 |      33 | 100.0
    Volcano |       0 |    6007 | 100.0 |       0 |      17 | 100.0
     WizLab |       0 |   38796 | 100.0 |       0 |      65 | 100.0
 Desolation |       0 |   31666 | 100.0 |       0 |      61 | 100.0
   Gauntlet |       0 |    6550 | 100.0 |       0 |      22 | 100.0
            +---------+---------+-------+---------+---------+-------
